 Dungeon Crawl Stone Soup version 0.30-a0-1123-gabc949cf19 (webtiles) character file.

Game seed: 3696640050152587997

24045 gelatine the Chucker (level 12, -9/89 HPs)
             Began as a Demonspawn Gladiator on Apr 22, 2023.
             Was a Priest of Makhleb.
             Mangled by a radroach (33 damage)
             ... on level 1 of the Spider Nest on Apr 23, 2023.
             The game lasted 00:42:58 (13778 turns).

gelatine the Chucker (Demonspawn Gladiator)        Turns: 13778, Time: 00:42:58

Health: -9/89      AC: 23    Str: 20    XL:     12   Next: 77%
Magic:  0/18       EV: 16    Int:  9    God:    Makhleb [***...]
Gold:   797        SH: 26    Dex: 15    Spells: 18/22 levels left

rFire   . . .        c - +2 broad axe (spect)
rCold   . . .        U - +2 tower shield {rN+}
rNeg    + . .        D - +4 ring mail {Will+}
rPois   .            v - +0 hat {SInv}
rElec   .            i - +1 cloak
rCorr   .            e - +2 pair of gloves
SInv    +            T - +2 pair of boots
Will    +....        j - amulet of the acrobat
Stlth   +++          q - +4 ring of protection
HPRegen 0.34/turn    y - +5 ring of evasion
MPRegen 0.32/turn

%: acrobat, guardian spirit
@: slightly contaminated, studying Axes
A: antennae 2, large bone plates 2, magic shield, magic regeneration, magic
link, condensation shield, low MP 1
a: Renounce Religion, Minor Destruction, Lesser Servant of Makhleb


You were on level 1 of the Spider Nest.
You worshipped Makhleb.
Makhleb was most pleased with you.
You visited 4 branches of the dungeon, and saw 15 of its levels.
You also visited: Ossuary and Bailey.

You collected 898 gold pieces.
You spent 101 gold pieces at shops.

Inventory:

Hand Weapons
 c - a +2 spectral broad axe (weapon)
 l - a +5 arbalest
 r - the +4 mace of the Scorned {flame, rCorr Int+2}
   (You found it on level 3 of the Dungeon)

   Int:       It affects your intelligence (+2).
   rCorr:     It protects you from acid and corrosion.
 J - the +9 quarterstaff of Wicked Expedience {elec, Contam rC+ Dex+3 SInv}
   (You found it on level 6 of the Dungeon)

   Dex:       It affects your dexterity (+3).
   rC:        It protects you from cold.
   SInv:      It lets you see invisible.
   Contam:    It causes magical contamination when unequipped.
Missiles
 C - 3 curare-tipped darts (quivered)
 S - 5 silver javelins
 Y - 14 poisoned darts
Armour
 e - a +2 pair of gloves (worn)
 i - a +1 cloak (worn)
 v - a +0 hat of see invisible (worn)
 D - a +4 ring mail of willpower (worn)
 G - +0 steam dragon scales
 R - a +0 troll leather armour
 T - a +2 pair of boots (worn)
 U - a +2 tower shield of positive energy (worn)
 W - a +2 robe of cold resistance
Magical Staves
 b - a staff of air
 X - a staff of cold
Jewellery
 a - the ring "Taqesk" {Fire Str+4 Dex+3}
   (You found it on level 1 of the Lair of Beasts)

   [ring of fire]

   It enhances your fire magic.
   Str:       It affects your strength (+4).
   Dex:       It affects your dexterity (+3).
   rF:        It protects you from fire.
   rC:        It makes you vulnerable to cold.
 f - a ring of flight
 j - an amulet of the acrobat (around neck)
 q - a +4 ring of protection (left hand)
 y - a +5 ring of evasion (right hand)
 B - a +6 ring of strength
 K - a ring of wizardry
 L - a ring of ice
Wands
 w - a wand of light (13)
 F - a wand of mindburst (15)
 H - a wand of polymorph (11)
 P - a wand of charming (11)
 V - a wand of flame (4)
Scrolls
 d - 2 scrolls of immolation
 h - 5 scrolls of teleportation
 k - 4 scrolls of amnesia
 m - 4 scrolls of fog
 n - a scroll of poison
 x - a scroll of vulnerability {unknown}
 z - a scroll of blinking
 I - a scroll of magic mapping
 Q - 3 scrolls of fear
Potions
 o - 10 potions of curing
 p - 5 potions of haste
 s - 3 potions of magic
 t - 3 potions of ambrosia
 u - 2 potions of flight
 A - 2 potions of cancellation
 E - 4 potions of attraction {unknown}
 M - 6 potions of degeneration {unknown}
 N - 5 potions of lignification {unknown}
 O - a potion of resistance {unknown}


   Skills:
 * Level 6.6 Fighting
 * Level 6.6(7.2) Axes
 + Level 4.5(7.0) Maces & Flails
 + Level 4.7(5.6) Staves
 + Level 1.2 Ranged Weapons
 + Level 7.8 Throwing
 * Level 6.1 Armour
 * Level 7.4 Dodging
 + Level 6.2 Stealth
 * Level 6.4 Shields
 * Level 5.7 Spellcasting
 * Level 1.0 Poison Magic
 * Level 4.4 Invocations
 + Level 5.1 Evocations


You had 18 spell levels left.
You knew the following spells:

 Your Spells              Type           Power      Damage    Failure   Level
a - Olgreb's Toxic Radia  Pois           4%         N/A       100%        4

Your spell library contained the following spells:

 Spells                   Type           Power      Damage    Failure   Level
 Kiss of Death            Conj/Necr      8%         2d6       98%         1
 Magic Dart               Conj           8%         1d3       98%         1
 Call Imp                 Summ           4%         N/A       99%         2
 Cigotuvi's Dreadful Rot  Necr/Pois/Air  6%         N/A       99%         2
 Scorch                   Fire           4%         2d5       99%         2
 Confusing Touch          Hex            2%         N/A       100%        3
 Mephitic Cloud           Conj/Pois/Air  3%         N/A       100%        3
 Animate Dead             Necr           2%         N/A       100%        4
 Cause Fear               Hex            1%         N/A       100%        4
 Dispel Undead            Necr           2%         3d7       100%        4
 Flame Wave               Conj/Fire      2%         2d4       100%        4
 Borgnjor's Vile Clutch   Necr/Erth      1%         N/A       100%        5
 Death Channel            Necr           1%         N/A       100%        6
 Summon Cactus Giant      Summ           1%         N/A       100%        6
 Dragon Form              Tmut           1%         N/A       100%        7
 Discord                  Hex            1%         N/A       100%        8
 Ignition                 Fire           1%         3d3       100%        8
 Dragon's Call            Summ           1%         N/A       100%        9


Dungeon Overview and Level Annotations

Branches:
Dungeon (11/15)            Temple (1/1) D:7            Lair (2/5) D:9
 Spider (1/4) Lair:2      Ossuary (visited)          Bailey (visited)
  Swamp: Lair:2-3    Shoals: Lair:2-3       Orc: D:9-12

Altars:
Ashenzari
Cheibriados
Dithmenos
Fedhas
Gozag
Hepliaklqana
Kikubaaqudgha
Makhleb
Nemelex Xobeh
Okawaru
Qazlal
Ru
Sif Muna
Trog
Uskayaw
Vehumet
Wu Jian
Xom
Yredelemnul

Shops:
D:3 *   D:4 *   D:6 (


Innate Abilities, Weirdness & Mutations

You have a pair of antennae on your head.
You are mostly covered in large bone plates. (SH +6)
When hurt, damage is shared between your health and your magic reserves.
You regenerate magic rapidly.
When low on magic, you restore magic in place of health.
A meltable shield of frost defends you. (SH +4)
Your magical capacity is low. (-10% MP)


Message History

The jumping spider bites you but does no damage.
The radroach bites you but does no damage.
The radroach claws you but does no damage.
You hit the radroach but do no damage.
The radroach is lightly wounded.
You slash the jumping spider!
Your +2 spectral broad axe hits the radroach!
The jumping spider completely misses you.
You block the jumping spider's attack. x3
The radroach erupts in a fountain of uncontrolled magic!
You are blasted with magical radiation!!
You are very lightly contaminated with residual magic.
You barely miss the radroach.
The radroach is moderately wounded.
You closely miss the jumping spider.
Your +2 spectral broad axe hits the radroach but does no damage.
The jumping spider pounces on you but does no damage.
You block the jumping spider's attack. You block the radroach's attack.
The radroach completely misses you.
The jumping spider leaps!
You block the radroach's attack.
The radroach claws you but does no damage.
You hit the radroach.
The radroach is moderately wounded.
Your +2 spectral broad axe hits the radroach but does no damage.
You block the radroach's attack. x2
You hit the radroach.
The radroach is moderately wounded.
Your +2 spectral broad axe hits the radroach but does no damage.
The jumping spider leaps!
The radroach closely misses you. x2
You block the radroach's attack. x2; The jumping spider leaps!
You slash the radroach!
The radroach is heavily wounded.
Your +2 spectral broad axe hits the radroach.
The radroach erupts in a fountain of uncontrolled magic!
You are blasted with magical radiation!
* * * LOW HITPOINT WARNING * * *
You are lightly contaminated with residual magic.
The radroach erupts in a fountain of uncontrolled magic!
You are blasted with magical radiation!!!
You die...

##..##...........##
#....#.............
#.^..........†...
#...#..........##
#..###........### #..#
###......##. #.##
####...... ##.#
####........
#@#####..........#
#B(.>...#......##.
....#####......##.
..#### ##....###.
...#..## #....###.
....#...### #....##..
....###....###....##..
....(
##.........#.##..
#.........#..###.


You could see a radroach and a friendly +2 spectral broad axe.

Vanquished Creatures
  Gastronok (D:10)
  The ghost of Diusamoe the Covert, a journeyman OpBr of Nemelex Xobeh (Lair:1)
  Fannar (D:10)
  2 vault guards (Bailey)
  A hydra (Lair:2)
  2 two-headed ogres (D:10)
  A radroach (Spider:1)
  A dancing weapon (Lair:1)
  Sonja (Lair:1)
  An orb spider (Spider:1)
  2 wolf spiders
  An unseen horror (D:10)
  3 komodo dragons
  2 trolls
  A hornet (D:9)
  A tarantella (Spider:1)
  A blink frog (Bailey)
  Prince Ribbit (D:8)
  2 jumping spiders (Spider:1)
  A shadow (D:10)
  5 culicivoras
  A wyvern (Lair:1)
  2 wraiths
  24 yaks
  5 humans (Bailey)
  A steam dragon (D:6)
  3 basilisks (Lair:2)
  3 redbacks
  5 water moccasins
  4 sky beasts (D:7)
  A black bear (D:9)
  3 orc warriors
  6 wolves (Lair:2)
  2 centaurs
  5 ogres
  2 phantoms
  A kobold brigand (D:10)
  3 elf zombies (Ossuary)
  5 scorpions
  18 bullfrogs
  5 wights (D:8)
  15 killer bees
  7 howler monkeys
  A centaur zombie (Ossuary)
  3 jellies
  5 orc priests
  3 human zombies (Ossuary)
  A sleepcap (D:4)
  4 hounds
  7 hell rats (Lair:2)
  An iguana (D:6)
  14 orc wizards
  2 mummies (Ossuary)
  5 gnolls
  10 adders
  2 white imps
  An ufetubus (D:7)
  2 worms (D:2)
  4 dart slugs
  26 orcs
  7 bats
  4 endoplasms
  5 giant cockroaches
  13 goblins
  8 hobgoblins
  6 jackals (D:4)
  2 quokkas (D:4)
  9 ball pythons
  4 frilled lizards
  2 goblin zombies
  9 hobgoblin zombies (Ossuary)
  2 jackal zombies (Ossuary)
  12 kobolds
  12 kobold zombies (Ossuary)
  5 orc zombies (Ossuary)
  4 rats
  2 rat zombies
350 creatures vanquished.

Vanquished Creatures (others)
  A sky beast (D:6)
  A human (D:10)
  4 fungi
  12 plants
  8 spectral weapons
26 creatures vanquished.

Grand Total: 376 creatures vanquished

Notes
Turn   | Place    | Note
-------+----------+-------------------------------------------
     0 | D:1      | gelatine the Demonspawn Gladiator began the quest for the
                  | Orb.
     0 | D:1      | Reached XP level 1. HP: 16/16 MP: 1/1
   214 | D:1      | Gained mutation: You are partially covered in large bone
                  | plates. (SH +4) [demonic ancestry]
   214 | D:1      | Reached XP level 2. HP: 22/22 MP: 2/2
   800 | D:2      | Gained mutation: You have a pair of small antennae on your
                  | head. [demonic ancestry]
   800 | D:2      | Reached XP level 3. HP: 27/27 MP: 3/3
  1223 | D:3      | Reached skill level 1 in Armour
  1224 | D:3      | Reached skill level 1 in Stealth
  1367 | D:3      | Gained mutation: You regenerate magic rapidly. [demonic
                  | ancestry]
  1367 | D:3      | Reached XP level 4. HP: 33/33 MP: 4/4
  1367 | D:3      | Noticed a phantom
  1390 | D:3      | Killed a phantom
  1391 | D:3      | Reached XP level 5. HP: 21/39 MP: 4/6
  1465 | D:3      | Identified the +4 mace of the Scorned {flame, rCorr Int+2}
  1476 | D:3      | Reached skill level 1 in Spellcasting
  1648 | D:3      | Found a transporter.
  1650 | D:3      | Found Leacudota's Assorted Antiques.
  1671 | D:3      | Found a transporter.
  1727 | D:3      | Bought a fuming orange potion for 23 gold pieces
  1727 | D:3      | Bought a scroll labelled TURADW VEPETU for 26 gold pieces
  1727 | D:3      | Bought a scroll labelled GYRUISMAON for 26 gold pieces
  1727 | D:3      | Bought a scroll labelled TURADW VEPETU for 26 gold pieces
  2010 | D:4      | Found Nudo's General Store.
  2175 | D:4      | Reached skill level 1 in Maces & Flails
  2175 | D:4      | Reached XP level 6. HP: 8/46 MP: 7/7
  3021 | D:4      | Found an opulent altar of Gozag.
  3067 | D:5      | Entered Level 5 of the Dungeon
  3080 | D:5      | Gained mutation: You are mostly covered in large bone
                  | plates. (SH +6) [demonic ancestry]
  3080 | D:5      | Reached XP level 7. HP: 40/51 MP: 9/9
  3362 | D:5      | Found a shimmering blue altar of Sif Muna.
  3846 | D:6      | Noticed a steam dragon
  3862 | D:6      | Killed a steam dragon
  3863 | D:6      | Gained mutation: When hurt, damage is shared between your
                  | health and your magic reserves. [demonic ancestry]
  3863 | D:6      | Reached XP level 8. HP: 28/58 MP: 11/11
  4127 | D:6      | Reached skill level 1 in Shields
  4213 | D:6      | Identified the +9 quarterstaff of Wicked Expedience {elec,
                  | Contam rC+ Dex+3 SInv}
  4573 | D:6      | Found Kichorur's Weapon Emporium.
  5059 | D:7      | Found a sand-covered staircase.
  5082 | Ossuary  | Entered an ossuary
  5170 | Ossuary  | Gained mutation: You have a pair of antennae on your head.
                  | [demonic ancestry]
  5170 | Ossuary  | Reached XP level 9. HP: 62/65 MP: 11/13
  5673 | D:7      | Reached skill level 5 in Dodging
  5673 | D:7      | Reached skill level 1 in Evocations
  5803 | D:7      | Found a staircase to the Ecumenical Temple.
  6176 | D:7      | Reached skill level 1 in Staves
  6354 | Temple   | Entered the Ecumenical Temple
  6570 | D:8      | Reached skill level 5 in Throwing
  6649 | D:8      | Noticed Prince Ribbit
  6670 | D:8      | Killed Prince Ribbit
  6937 | D:8      | Found a broken altar of Ashenzari.
  7027 | D:8      | Found a hide-covered altar of Uskayaw.
  7220 | D:8      | Found a stormy altar of Qazlal.
  7326 | D:8      | Found a burning altar of Makhleb.
  7406 | D:8      | Became a worshipper of Makhleb the Destroyer
  7432 | D:9      | Noticed a komodo dragon
  7438 | D:9      | Killed a komodo dragon
  7439 | D:9      | Gained mutation: When low on magic, you restore magic in
                  | place of health. [demonic ancestry]
  7439 | D:9      | Reached XP level 10. HP: 73/73 MP: 15/15
  7462 | D:9      | Found a flagged portal.
  7506 | Bailey   | Entered a bailey
  7716 | Bailey   | Reached * piety under Makhleb
  7727 | Bailey   | Reached skill level 5 in Fighting
  7766 | Bailey   | Noticed a vault guard
  7786 | Bailey   | Killed a vault guard
  7895 | Bailey   | Noticed a vault guard
  7908 | Bailey   | Killed a vault guard
  7909 | Bailey   | Reached skill level 5 in Stealth
  8073 | D:9      | Gained mutation: A meltable shield of frost defends you.
                  | (SH +4) [demonic ancestry]
  8073 | D:9      | Reached XP level 11. HP: 80/80 MP: 17/17
  8412 | D:9      | Found a staircase to the Lair.
  8614 | D:10     | Entered Level 10 of the Dungeon
  8657 | D:10     | Reached ** piety under Makhleb
  8666 | D:10     | Noticed a two-headed ogre
  8675 | D:10     | Killed a two-headed ogre
  8825 | D:10     | Noticed a two-headed ogre
  8829 | D:10     | Killed a two-headed ogre
  8830 | D:10     | Reached skill level 1 in Invocations
  9021 | D:10     | Found a bloodstained altar of Trog.
  9127 | D:10     | Found a sacrificial altar of Ru.
  9179 | D:10     | Noticed Fannar
  9190 | D:10     | Killed Fannar
  9191 | D:10     | Reached skill level 5 in Armour
  9272 | D:10     | Noticed Gastronok
  9290 | D:10     | Killed Gastronok
  9320 | D:10     | Reached skill level 5 in Spellcasting
  9343 | D:10     | Identified 2 scrolls of acquirement
  9483 | D:10     | Found an ancient bone altar of Kikubaaqudgha.
 10027 | D:11     | Noticed a boulder beetle
 10028 | D:11     | Noticed a skeletal warrior
 10029 | D:11     | Noticed a skeletal warrior
 10060 | D:11     | Noticed a two-headed ogre
 10060 | D:11     | Noticed a skeletal warrior
 10060 | D:11     | Noticed a skeletal warrior
 10083 | D:11     | Noticed a sun demon
 10351 | Lair:1   | Entered Level 1 of the Lair of Beasts
 10370 | Lair:1   | Found a runed translucent door.
 10371 | Lair:1   | Found a shimmering altar of Xom.
 10371 | Lair:1   | Noticed Diusamoe's ghost (journeyman OpBr)
 10371 | Lair:1   | Noticed a +2 long sword of chaos
 10486 | Lair:1   | Noticed Sonja
 10496 | Lair:1   | Killed Sonja
 10584 | Lair:1   | Reached skill level 1 in Ranged Weapons
 10844 | Lair:1   | Identified the ring "Taqesk" {Fire Str+4 Dex+3}
 11346 | Lair:1   | Killed a +2 long sword of chaos
 11347 | Lair:1   | Reached skill level 5 in Axes
 11368 | Lair:1   | Killed Diusamoe's ghost
 11369 | Lair:1   | Reached skill level 5 in Shields
 11369 | Lair:1   | Reached XP level 12. HP: 49/88 MP: 19/19
 11773 | Lair:2   | Reached *** piety under Makhleb
 11869 | Lair:2   | Gained mutation: You occasionally lose the ability to read
                  | scrolls when taking damage. [potion of mutation]
 11869 | Lair:2   | Gained mutation: You are somewhat resistant to further
                  | mutation. [potion of mutation]
 11870 | Lair:2   | Lost mutation: You occasionally lose the ability to read
                  | scrolls when taking damage. [potion of mutation]
 11870 | Lair:2   | Lost mutation: You are somewhat resistant to further
                  | mutation. [potion of mutation]
 11870 | Lair:2   | Gained mutation: Your magical capacity is low. (-10% MP)
                  | [potion of mutation]
 12159 | Lair:2   | Noticed a four-headed hydra
 12173 | Lair:2   | Killed a four-headed hydra
 12174 | Lair:2   | Reached skill level 5 in Evocations
 12649 | Lair:2   | Found a hole to the Spider Nest.
 13030 | Lair:2   | Acquired a manual of Axes
 13032 | Lair:2   | Acquired the Unrestrained Analects
 13039 | Lair:2   | Learned a level 4 spell: Olgreb's Toxic Radiance
 13097 | Spider:1 | Entered Level 1 of the Spider Nest
 13122 | Spider:1 | Noticed a radroach
 13149 | Spider:1 | Killed a radroach
 13215 | Spider:1 | Reached skill level 1 in Poison Magic
 13762 | Spider:1 | Noticed a radroach
 13778 | Spider:1 | Mangled by a radroach

Illustrated notes

Levels and vault maps discovered:
D:1:      dpeg_arrival_arbitrary_c, layout_loops_ring, minmay_splitting_lines
D:2:      wander_river, layout_basic
D:3:      layout_rooms, serial_shops, nicolae_shop_drivethru
D:4:      layout_basic, grunt_gozag_breadcrumbs, grunt_decor_junction,
          serial_bayou_ford_a, nicolae_inconvenience_store, minmay_cut_off
D:5:      layout_basic, kennysheep_little_box, dreamdust_wishing_well
D:6:      layout_gridville, serial_shops, nicolae_shop_getting_attention
D:7:      layout_basic, minmay_temple_entry_trees, enter_ossuary_4,
          minmay_curled_crystal, kennysheep_dice
D:8:      layout_basic, good_gods_mini_temple, nicolae_ashenzari_skybound,
          mainiacjoe_overflow_alcove_2, mainiacjoe_overflow_big_doors,
          uniq_prince_ribbit1
D:9:      layout_cave_pools, grunt_lair_entry_orc_guard_hut, enter_bailey_3
D:10:     layout_basic, tgw_kikubaaqudgha, trog_three_pillars_becter,
          nicolae_overflow_crystal_walls, minmay_misc_feat_secret_circle,
          uniq_gastronok, uniq_fannar
D:11:     cheibrodos_elevator_heist, layout_loops_ring
Temple:   nicolae_temple_bog_church
Lair:1:   layout_regular_city, ebering_ghost_xom, serial_rivers,
          chequers_serial_rivers_micro_c, chequers_serial_rivers_room_b,
          chequers_serial_rivers_micro_e, chequers_serial_rivers_marsh,
          chequers_serial_rivers_micro_b, chequers_serial_rivers_large_b,
          lemuel_fruit_tree, uniq_sonja
Lair:2:   layout_small_grid, spider_nest_entry_funnel_web,
          chequers_serial_rivers_small_b
Spider:1: layout_chambers

Skill      XL: |  1  2  3  4  5  6  7  8  9 10 11 12 |
---------------+-------------------------------------+-----
Throwing       | 2 3 4 5 6 7 |  7.8
Axes           | 3 4 5 6 |  6.6
Dodging        | 3 4 5 6 7 |  7.4
Armour         | 1 2 3 4 5 6 |  6.1
Stealth        | 1 2 3 4 5 6 |  6.2
Spellcasting   | 1 2 3 4 5 |  5.7
Maces & Flails | 1 2 3 4 |  4.5
Fighting       | 3 4 5 6 |  6.6
Shields        | 2 3 4 5 6 |  6.4
Evocations     | 2 3 4 5 |  5.1
Staves         | 2 3 4 |  4.7
Invocations    | 3 4 |  4.4
Ranged Weapons | 1 |  1.2
Poison Magic   | 1 |  1.0

Action                     |  1- 3 |  4- 6 |  7- 9 | 10-12 || total
---------------------------+-------+-------+-------+-------++-------
  Melee: War axe           |   100 |    28 |       |       ||   128
         Punch             |     1 |     2 |     6 |       ||     9
         Mace              |       |    95 |   242 |    48 ||   385
         Quarterstaff      |       |       |    83 |   200 ||   283
         Broad axe         |       |       |       |   228 ||   228
   Fire: Arbalest          |       |       |       |    52 ||    52
  Throw: Javelin           |    13 |     1 |     3 |    62 ||    79
         Throwing net      |     6 |       |       |       ||     6
         Dart              |    13 |     2 |    78 |    81 ||   174
         Boomerang         |       |       |    70 |    17 ||    87
  Evoke: Wand              |       |       |     1 |     4 ||     5
    Use: Potion            |     1 |       |     1 |     9 ||    11
         Scroll            |       |       |    14 |    19 ||    33
   Stab: Sleeping          |     2 |     4 |     5 |     4 ||    15
         Distracted        |       |       |     1 |       ||     1
 Armour: Leather armour    |    25 |    31 |     4 |       ||    60
         Steam dragon scal |       |       |    47 |    33 ||    80
         Ring mail         |       |       |       |   151 ||   151
  Dodge: Dodged            |    81 |   108 |   306 |   461 ||   956
  Block: Other             |    17 |    26 |   101 |   109 ||   253
         Tower shield      |       |       |       |   548 ||   548

Table legend: (Time is in decaauts)
 A = Elapsed time spent in this place.
 B = Non-inter-level travel time spent in this place.
 C = Inter-level travel time spent in this place.
 D = Time resting spent in this place.
 E = Time spent auto-exploring this place.
 F = Levels seen in this place.
 G = Mean time per level.
                   A        B        C        D        E       F      G
               +--------+--------+--------+--------+--------+-----+--------+
         Total |  14172 |  13752 |    420 |     30 |  10275 |  17 |  833.6 |
       Dungeon |   9495 |   9247 |    248 |     30 |   7005 |  11 |  863.2 |
        Temple |    180 |    167 |     13 |      0 |    157 |   1 |  180.0 |
          Lair |   2924 |   2792 |    132 |      0 |   2146 |   2 | 1462.0 |
   Spider Nest |    720 |    694 |     26 |      0 |    503 |   1 |  720.0 |
       Ossuary |    309 |    309 |      0 |      0 |    100 |   1 |  309.0 |
        Bailey |    542 |    542 |      0 |      0 |    364 |   1 |  542.0 |
               +--------+--------+--------+--------+--------+-----+--------+

Top non-repeatable levels by time:
  Lair:2: 1671 daAuts
    D:10: 1334 daAuts
  Lair:1: 1253 daAuts
     D:6: 1190 daAuts
     D:4: 1168 daAuts
     D:7: 1051 daAuts
     D:8: 887 daAuts
     D:5: 783 daAuts
     D:3: 748 daAuts
Spider:1: 720 daAuts
     D:9: 696 daAuts
     D:1: 650 daAuts
     D:2: 574 daAuts
  Bailey: 542 daAuts
    D:11: 410 daAuts
